 Dungeon Crawl Stone Soup version 0.28.0-45-g0d030f2227 (console) character file.

Game seed: 12359317970073121293

12170 Faeu the Protected (level 11, -4/91 HPs)
             Began as a Minotaur Fighter on Apr 20, 2022.
             Was a Priest of Hepliaklqana.
             Killed from afar by a molten gargoyle (17 damage)
             ... with a bolt of magma
             ... in a volcano.
             The game lasted 01:16:21 (14499 turns).

Faeu the Protected (Minotaur Fighter)              Turns: 14499, Time: 01:16:21

Health: -4/91      AC: 18    Str: 25    XL:     11   Next: 58%
Magic:  10/10      EV: 10    Int:  5    God:    Hepliaklqana [***...]
Gold:   611        SH: 12    Dex: 16    Spells: 10/10 levels left

rFire   . . .      SeeInvis .   N - +0 scimitar (vorpal) {long}
rCold   . . .      Faith    .   c - +0 buckler
rNeg    . . .      Spirit   .   B - +0 plate armour
rPois   .          Reflect  +   I - +2 hat
rElec   .          Harm     .   b - +0 cloak
rCorr   .          Rampage  .   (no gloves)
Will    .....                   (no boots)
Stlth   ..........              k - amulet of reflection
HPRegen 0.25/turn               L - +6 ring of dexterity
MPRegen 0.12/turn               v - +4 ring of slaying

@: no status effects
A: reduced essence, horns 2, retaliatory headbutt
a: Renounce Religion, Recall Ancestor, Ancestor Identity, Transference


You were in a volcano.
You worshipped Hepliaklqana.
Hepliaklqana was most pleased with you.
You visited 3 branches of the dungeon, and saw 15 of its levels.
You also visited: Volcano.

You collected 611 gold pieces.


Innate Abilities, Weirdness & Mutations

Your life essence is reduced to manifest your ancestor. (-10% HP)
You have a pair of horns on your head.
You reflexively headbutt those who attack you in melee.


   Skills:
 + Level 11.0 Fighting
 + Level 10.7 Long Blades
 + Level 11.1 Armour
 - Level 7.3 Dodging
 + Level 11.0 Shields


You had 10 spell levels left.
You didn't know any spells.
Your spell library contained the following spells:

 Spells                   Type           Power      Damage    Failure   Level
 Apportation              Tloc           0%         N/A       99%         1
 Shock                    Conj/Air       0%         1d3       99%         1
 Conjure Flame            Conj/Fire      0%         6-21      100%        3
 Dazzling Flash           Conj/Hex       0%         N/A       100%        3
 Ignite Poison            Fire/Tmut/Pois 0%         N/A       100%        3
 Inner Flame              Hex/Fire       0%         N/A       100%        3
 Swiftness                Air            0%         N/A       100%        3
 Airstrike                Air            0%         N/A       100%        4
 Cause Fear               Hex            0%         N/A       100%        4
 Olgreb's Toxic Radiance  Pois           0%         N/A       100%        4
 Sticky Flame             Conj/Fire      0%         2d3       100%        4
 Agony                    Necr           0%         N/A       100%        5
 Iskenderun's Battlesphe  Conj           0%         2d6       100%        5
 Silence                  Hex/Air        0%         N/A       100%        5
 Dispersal                Tloc           0%         N/A       100%        6
 Iron Shot                Conj/Erth      0%         9d1       100%        6
 Spellforged Servitor     Conj/Summ      0%         N/A       100%        7
 Discord                  Hex            0%         N/A       100%        8

Inventory:

Hand Weapons
 a - a +0 long sword {long}
 p - a +0 dagger of holy wrath {short}
   (You took it off Robin on level 3 of the Dungeon)
 t - a +4 antimagic dagger {short}
   (You took it off a goblin on level 4 of the Dungeon)
 x - a +3 spear {polearm}
   (You took it off a wight on level 9 of the Dungeon)
 z - a +4 mace of freezing {mace}
   (You took it off a wight on level 9 of the Dungeon)
 N - a +0 vorpal scimitar (weapon) {long}
   (You took it off Maggie on level 9 of the Dungeon)
Missiles
 d - 3 throwing nets {=f!fthrowing}
 w - 17 poisoned darts (quivered) {throwing}
 y - 4 boomerangs {throwing}
 D - 4 silver javelins {throwing}
 K - a silver boomerang {throwing}
Armour
 b - a +0 cloak (worn)
   (You found it on level 5 of the Dungeon)
 c - a +0 buckler (worn)
 B - a +0 plate armour (worn)
   (You found it on level 5 of the Dungeon)
 E - a +2 ring mail of positive energy
   (You found it on level 7 of the Dungeon)
 I - a +2 hat (worn)
   (You took it off Gastronok on level 8 of the Dungeon)
 O - +0 swamp dragon scales
   (You took it off Maggie on level 9 of the Dungeon)
 Q - +0 acid dragon scales
   (You found it on level 10 of the Dungeon)
Jewellery
 e - an amulet of the acrobat
   (You found it on level 1 of the Dungeon)
 k - an amulet of reflection (around neck)
   (You found it on level 5 of the Dungeon)
 v - a +4 ring of slaying (right hand)
   (You found it on level 12 of the Dungeon)
 L - a +6 ring of dexterity (left hand)
   (You found it on level 9 of the Dungeon)
 P - a +4 ring of evasion
   (You found it on level 10 of the Dungeon)
 R - an amulet of guardian spirit
   (You found it on level 10 of the Dungeon)
Wands
 l - a wand of flame (17)
   (You found it on level 6 of the Dungeon)
 q - a wand of digging (10)
   (You took it off Robin on level 3 of the Dungeon)
 s - a wand of charming (2)
   (You found it on level 9 of the Dungeon)
 C - a wand of iceblast (8)
   (You found it on level 7 of the Dungeon)
 H - a wand of paralysis (1)
   (You took it off a kobold on level 8 of the Dungeon)
 M - a wand of polymorph (4)
   (You found it on level 9 of the Dungeon)
Scrolls
 g - 4 scrolls of teleportation {@r4}
 h - 4 scrolls of identify {@r1}
 i - 4 scrolls of noise {!r}
 m - a scroll of brand weapon
 o - a scroll of amnesia {unknown}
 r - 4 scrolls of immolation {!r!r}
 A - 2 scrolls of enchant weapon
 F - a scroll of blinking {!r}
Potions
 f - 3 potions of attraction {!q}
 j - a potion of brilliance
 n - 2 potions of curing {@q1}
 G - a potion of berserk rage {!q}
 J - 2 potions of might

Dungeon Overview and Level Annotations

Branches:
Dungeon (13/15)            Temple (1/1) D:7             Orc (1/2) D:9
Volcano (1/1)
   Lair: D:8-11      Vaults: D:13-14

Altars:
Ashenzari
Cheibriados
Dithmenos
Elyvilon
Fedhas
Gozag
Hepliaklqana
Ru
Sif Muna
Trog
Uskayaw
Vehumet
Zin

Shops:
D:7 [   D:12 !

Annotations:
D:3 1 runed translucent door, Crazy Yiuf, Sigmund
D:9 1 runed translucent door

##.≈# ##.≈≈≈
#☼§≈≈≈# ##
§≈≈≈≈☼ ..#
#.§§§R #(#
#.§§E##9#
###+###'##
#...##@..##
##.........#
#...∩...∩...#
##....≈§§..##
#☼☼.≈≈≈≈☼≈#
##☼≈≈≈§☼☼##
#########


You could see an efreet, a fire elemental and a molten gargoyle.


Message History

You now have 599 gold pieces (gained 10).
Items here: )) [ ††.
Okay, then.
Things that are here:
a +0 short sword {short}; a +0 scale mail; an orc corpse 😮 HP[+1]
You hear the quick rumble of an avalanche of rocks nearby.
Items here: )) [ ††. 😮 HP[+1] 😕 HP[+1]
You now have 611 gold pieces (gained 12). 😕 HP[+1] 😕 HP[+1]
Found a dark tunnel. 😕 HP[+1] 😕 HP[+1]
There is a dark tunnel here.
The world spins around you as you enter the gateway.
You enter a volcano!
Found a rocky tunnel leading out of this place.
There is a rock-blocked tunnel here.
You start resting.
HP restored. 😎 HP[+18] Hit: N) +0 scimitar (vorpal) {long}
Press: ? - help, Dir - move target, f - efreet
Aim: an efreet, wielding a +0 scimitar of flaming (lava, fire blocked by a translucent rock wall, about 16% to evade your +0 vorpal scimitar)
You can't get through.
Okay, then.
Unknown command.
As you read the scroll labelled SURODOLYKKE, it crumbles to dust.
Your body is wracked with pain!
It was a scroll of torment. 😮 HP[-44]
You take 44 damage, and now have 47/91 hp.
MASSIVE DAMAGE!! (PAUSE) Unknown command.
You feel much better. 😮 HP[+20]
You regained 20 hp, and now have 67/91 hp. 😮 HP[+1] 😕 HP[+1] 😕 HP[+1]
You start resting.
HP restored. 😎 HP[+21] As you open the door, it creaks loudly!
A molten gargoyle and an earth elemental come into view.
The earth elemental misses you. You furiously retaliate!
You headbutt the earth elemental, but do no damage.
There is an open door here.
You barely miss the earth elemental. You hit the earth elemental.
You headbutt the earth elemental, but do no damage.
The molten gargoyle blasts magma at you!
The bolt of magma hits the earth elemental!
The earth elemental partially resists.
The bolt of magma hits you. The earth elemental hits you! 😕 HP[-13]
You take 13 damage, and now have 78/91 hp.
You hit the earth elemental. You slice the earth elemental!!
You headbutt the earth elemental.
You destroy the earth elemental!
The molten gargoyle blasts magma at you!
The bolt of magma hits you but does no damage.
You throw a poisoned dart {throwing}.
The poisoned dart {throwing} hits the molten gargoyle.
You hit the molten gargoyle but do no damage.
Your headbutt misses the molten gargoyle.
You block the molten gargoyle's attack.
You hit the molten gargoyle but do no damage.
The molten gargoyle hits you with a +0 morningstar!
You are engulfed in flames! 😮 HP[-21]
You take 21 damage, and now have 57/91 hp.
MASSIVE DAMAGE!! (PAUSE)
You slice the molten gargoyle!! The molten gargoyle barely misses you.
You hit the molten gargoyle.
The molten gargoyle blasts magma at you!
The bolt of magma hits you!!
* * * LOW HITPOINT WARNING * * *
😨 HP[-22]
You take 22 damage, and now have 35/91 hp.
MASSIVE DAMAGE!! (PAUSE)
You closely miss the molten gargoyle.
The molten gargoyle blasts magma at you!
The bolt of magma hits you!
* * * LOW HITPOINT WARNING * * *
😨 HP[-10]
You take 10 damage, and now have 25/91 hp.
You hit the molten gargoyle but do no damage.
The molten gargoyle hits you with a +0 morningstar.
* * * LOW HITPOINT WARNING * * *
You are engulfed in flames!
* * * LOW HITPOINT WARNING * * *
😱 HP[-12]
You take 12 damage, and now have 13/91 hp.
The molten gargoyle blasts magma at you!
The bolt of magma hits you!
You die...

Skill      XL: |  1  2  3  4  5  6  7  8  9 10 11 |
---------------+----------------------------------+-----
Dodging        | 1 2 3 4 5 7 |  7.3
Shields        | 4 5 6 7 8 10 11 | 11.0
Long Blades    | 3 4 5 7 8 9 10 | 10.7
Fighting       | 4 5 6 7 8 10 11 | 11.0
Armour         | 4 5 6 7 9 10 11 | 11.1

Action                   |  1- 3 |  4- 6 |  7- 9 | 10-12 || total
-------------------------+-------+-------+-------+-------++-------
Melee: Long sword        |    47 |    84 |       |    74 ||   205
       Headbutt          |     8 |    28 |    67 |    59 ||   162
       Dagger            |       |    78 |   386 |       ||   464
       Scimitar          |       |       |       |   174 ||   174
Throw: Dart              |       |       |     7 |     1 ||     8
       Boomerang         |       |       |       |     5 ||     5
Invok: Ancestor Life: He |       |       |       |     1 ||     1
Evoke: Wand              |       |       |       |     2 ||     2
  Use: Scroll            |       |       |    11 |     3 ||    14
       Potion            |       |       |     6 |     1 ||     7
 Stab: Distracted        |       |       |       |     7 ||     7
Armor: Scale mail        |    20 |    33 |       |       ||    53
       Chain mail        |       |    16 |     5 |       ||    21
       Plate armour      |       |       |   149 |    85 ||   234
Dodge: Dodged            |    42 |    90 |    79 |    96 ||   307
Block: Buckler           |    23 |    40 |   128 |   126 ||   317
       Reflection        |       |       |     5 |     2 ||     7

Levels and vault maps discovered:
D:1:      dpeg_arrival_tiny_c, layout_rooms, chequers_ecumenical_altar_simple,
          st_stairs_4, chequers_big_river, nicolae_grassy_gnolls
D:2:      layout_loops_ring, palyth_stone_intersect, nicolae_underground_beach
D:3:      layout_rooms, fedhas_altar_3, serial_shops, shop,
          minmay_misc_feat_rows, uniq_sigmund, uniq_crazy_yiuf_cottage,
          uniq_robin
D:4:      layout_loops_ring, trog_antimagical
D:5:      layout_rooms, pdpol_temple_overflow_zin_treasury_gozag_greed,
          old_standard_altar, mainiacjoe_overflow_paths, minivault_5
D:6:      layout_rooms, amcnicky_mini_pool_small
D:7:      layout_basic, nicolae_uskayaw_en_pointe,
          minmay_temple_entry_mini_moons, kennysheep_cross_bottleneck,
          minmay_shop_chei, uniq_harold
D:8:      layout_cave_pools, old_standard_altar,
          nicolae_dithmenos_through_a_glass_darkly, amcnicky_altar_gilded,
          uniq_psyche, uniq_maurice, uniq_grum, uniq_gastronok
D:9:      layout_basic, minmay_orc_entry_guard_dogs, minmay_st_funbox,
          uniq_maggie
D:10:     layout_irregular_city, nicolae_overflow_crystal_walls
D:11:     layout_loops_ring, lair_entry_dummy, nicolae_wwwww, minmay_librarian
D:12:     layout_loops_ring, serial_shops, nicolae_shop_stone, serial_undead,
          serial_undead_e, serial_undead_c, serial_undead_e, serial_undead_c,
          serial_undead_a, serial_undead_d, hangedman_abyss_or_decor_slice,
          minivault_25
D:13:     layout_cave_pools, david_vaults_1, uniq_urug, uniq_rupert,
          uniq_josephine, uniq_jorgrun
Temple:   minmay_temple_curvy_loop
Orc:1:    layout_diamond_mine, serial_shops, nicolae_shop_waterfront,
          enter_volcano_1
Volcano:  volcano_aerie

Notes
Turn   | Place    | Note
-------+----------+-------------------------------------------
     0 | D:1      | Faeu the Minotaur Fighter began the quest for the Orb.
     0 | D:1      | Reached XP level 1. HP: 19/19 MP: 0/0
     0 | D:1      | magus.rc [v1.9.6]
    70 | D:1      | Reached XP level 2. HP: 16/27 MP: 1/1
   242 | D:1      | Reached skill level 1 in Dodging
   286 | D:1      | Reached skill level 4 in Shields
   289 | D:1      | Reached XP level 3. HP: 31/33 MP: 2/2
   347 | D:1      | Found a faded altar of an unknown god.
   591 | D:1      | Reached skill level 3 in Long Blades
   596 | D:1      | Reached skill level 4 in Fighting
   596 | D:1      | Reached skill level 4 in Armour
  1020 | D:2      | Reached XP level 4. HP: 40/40 MP: 3/3
  1380 | D:2      | Reached skill level 2 in Dodging
  1632 | D:2      | Reached XP level 5. HP: 32/47 MP: 4/4
  2137 | D:3      | Found a runed translucent door.
  2138 | D:3      | Noticed Crazy Yiuf
  2163 | D:3      | Noticed Robin
  2306 | D:3      | Killed Robin
  2404 | D:3      | Found a blossoming altar of Fedhas.
  2427 | D:3      | Noticed Sigmund
  2553 | D:4      | Found a bloodstained altar of Trog.
  2769 | D:4      | Reached skill level 4 in Long Blades
  2769 | D:4      | Reached XP level 6. HP: 43/53 MP: 1/5
  3017 | D:4      | Reached skill level 5 in Fighting
  3017 | D:4      | Reached skill level 5 in Armour
  3017 | D:4      | Reached skill level 5 in Shields
  3114 | D:4      | Reached skill level 3 in Dodging
  3466 | D:5      | Entered Level 5 of the Dungeon
  3523 | D:5      | Found a glowing silver altar of Zin.
  3548 | D:5      | Reached XP level 7. HP: 59/61 MP: 2/6
  3557 | D:5      | Found a shimmering blue altar of Sif Muna.
  3820 | D:5      | Reached skill level 5 in Long Blades
  3861 | D:5      | Reached skill level 4 in Dodging
  4158 | D:5      | Found a radiant altar of Vehumet.
  4170 | D:5      | Reached skill level 6 in Armour
  4354 | D:5      | You pick up a book of Hexes and begin reading...
  4354 | D:5      | You add the spells Inner Flame, Cause Fear and Discord to
                  | your library.
  4415 | D:5      | Found an opulent altar of Gozag.
  4488 | D:6      | Reached skill level 6 in Shields
  4508 | D:6      | Reached skill level 6 in Fighting
  4526 | D:6      | You add the spells Conjure Flame, Ignite Poison and Sticky
                  | Flame to your library.
  4558 | D:6      | Reached XP level 8. HP: 52/70 MP: 2/7
  4561 | D:6      | HP: 12/70 [ogre/+0 giant club (11)]
  5068 | D:5      | HP: 13/71 [orc warrior/+0 scimitar (13)]
  5069 | D:5      | HP: 5/71 [orc warrior/+0 scimitar (8)]
  5676 | D:6      | Reached skill level 6 in Long Blades
  5678 | D:6      | You pick up a book of Power and begin reading...
  5678 | D:6      | You add the spells Iskenderun's Battlesphere, Iron Shot and
                  | Spellforged Servitor to your library.
  6016 | D:7      | Reached skill level 5 in Dodging
  6141 | D:7      | Found a staircase to the Ecumenical Temple.
  6150 | Temple   | Entered the Ecumenical Temple
  6162 | Temple   | Became a worshipper of Hepliaklqana the Forgotten
  6199 | D:7      | Found a snail-covered altar of Cheibriados.
  6202 | D:7      | Found Cheibriados's Comfort Zone.
  6208 | D:7      | You pick up a book of Air and begin reading...
  6208 | D:7      | You add the spells Shock, Swiftness and Airstrike to your
                  | library.
  6263 | D:7      | Reached skill level 7 in Armour
  6281 | D:7      | Reached skill level 7 in Shields
  6326 | D:7      | Reached skill level 7 in Fighting
  6878 | D:7      | Noticed Harold
  6897 | D:7      | HP: 17/73 [Harold/+0 short sword (9)]
  6900 | D:7      | Killed Harold
  6901 | D:7      | Reached skill level 7 in Long Blades
  6901 | D:7      | Reached XP level 9. HP: 19/79 MP: 2/8
  6905 | D:7      | HP: 19/79 [something (1)]
  6907 | D:7      | HP: 7/79 [something (6)]
  6919 | D:7      | Reached skill level 6 in Dodging
  7269 | D:8      | Noticed Gastronok
  7708 | D:7      | Noticed a +0 short sword
  7709 | D:7      | Noticed a +0 spear
  7709 | D:7      | Noticed a +0 short sword
  7709 | D:7      | Noticed a +0 falchion
  7709 | D:7      | Noticed a +0 dagger
  7709 | D:7      | Noticed a +0 dagger
  7710 | D:7      | Noticed a +0 spear
  7711 | D:7      | Noticed a +0 falchion
  7770 | D:7      | Found a hide-covered altar of Uskayaw.
  7869 | D:8      | Noticed Maurice
  7879 | D:7      | HP: 18/80 [something (4)]
  8170 | D:8      | Killed Maurice
  8171 | D:8      | Reached skill level 8 in Fighting
  8171 | D:8      | Reached skill level 8 in Armour
  8171 | D:8      | Reached skill level 8 in Shields
  8186 | D:8      | Found a broken altar of Ashenzari.
  8250 | D:8      | Found a sacrificial altar of Ru.
  8290 | D:8      | Found a shadowy altar of Dithmenos.
  8341 | D:8      | Noticed Grum
  8373 | D:8      | Killed Grum
  8405 | D:8      | Paralysed by a kobold for 2 turns
  8498 | D:8      | Reached skill level 8 in Long Blades
  8518 | D:9      | Reached * piety under Hepliaklqana
  8520 | D:9      | HP: 18/73 [killer bee (4)]
  8525 | D:9      | HP: 13/73 [poisoned by a killer bee]
  8530 | D:9      | HP: 5/73 [poisoned by a killer bee]
  8535 | D:9      | HP: 4/73 [poisoned by a killer bee]
  8847 | D:9      | Noticed a two-headed ogre
  8848 | D:9      | Noticed a tengu warrior
  8911 | D:8      | Killed Gastronok
  8912 | D:8      | Reached skill level 9 in Armour
  8912 | D:8      | Reached skill level 7 in Dodging
  8912 | D:8      | Reached XP level 10. HP: 28/81 MP: 3/9
  8913 | D:8      | HP: 17/81 [orc warrior/+0 glaive (11)]
  9280 | D:9      | Reached skill level 9 in Shields
  9713 | D:8      | Noticed Psyche
  9723 | D:8      | Killed Psyche
  9724 | D:8      | Reached skill level 9 in Fighting
 10253 | D:9      | Found a runed translucent door.
 10386 | D:9      | Found a staircase to the Orcish Mines.
 10398 | D:9      | Reached skill level 9 in Long Blades
 10408 | D:9      | You pick up a book of the Senses and begin reading...
 10408 | D:9      | You add the spells Dazzling Flash, Agony and Silence to
                  | your library.
 10746 | D:9      | Noticed Maggie
 10786 | D:9      | Killed Maggie
 10812 | D:9      | You add the spells Apportation, Olgreb's Toxic Radiance and
                  | Dispersal to your library.
 10812 | D:9      | Got Sif Muna's Compendium of the Toxic Traveller
 10951 | D:10     | Entered Level 10 of the Dungeon
 11180 | D:10     | Reached ** piety under Hepliaklqana
 11183 | D:10     | Remembered your ancestor Hrothgar as a hexer
 11240 | D:10     | Reached skill level 10 in Armour
 11406 | D:10     | Noticed a boulder beetle
 11446 | D:10     | Killed a boulder beetle
 11447 | D:10     | Reached skill level 10 in Fighting
 11447 | D:10     | Reached skill level 10 in Shields
 11447 | D:10     | Reached XP level 11. HP: 59/89 MP: 10/10
 11582 | D:10     | Paralysed by a hornet for 2 turns
 11980 | D:10     | Found a white marble altar of Elyvilon.
 12272 | D:11     | Noticed a two-headed ogre
 12306 | D:11     | Killed a two-headed ogre
 12307 | D:11     | Reached skill level 10 in Long Blades
 12747 | D:11     | Noticed a two-headed ogre
 12868 | D:10     | magus.rc [v1.9.6]
 12868 | D:10     | magus.rc [v1.9.6]
 13295 | D:12     | Noticed a two-headed ogre
 13302 | D:12     | Killed a two-headed ogre
 13417 | D:12     | Found Moixoiv's Distillery.
 13538 | D:12     | Reached skill level 11 in Armour
 13745 | D:13     | Noticed a purple ugly thing
 13832 | Orc:1    | Entered Level 1 of the Orcish Mines
 13837 | Orc:1    | Reached skill level 11 in Shields
 13842 | Orc:1    | Noticed an ettin
 13883 | D:9      | Reached skill level 11 in Fighting
 14272 | Orc:1    | Reached *** piety under Hepliaklqana
 14303 | Orc:1    | Found a dark tunnel.
 14312 | Volcano  | Entered a volcano
 14498 | Volcano  | HP: 20/91 [molten gargoyle/+0 morningstar (6)]
 14499 | Volcano  | Killed from afar by a molten gargoyle

Vanquished Creatures
  Gastronok (D:8)
  A boulder beetle (D:10)
  Harold (D:7)
  2 two-headed ogres
  A cyclops (D:12)
  Maurice (D:8)
  Psyche (D:8)
  Maggie (D:9)
  A kobold demonologist (D:10)
  A freezing wraith (D:11)
  An efreet (D:11)
  A wyvern (D:10)
  Grum (D:8)
  3 yaks (D:10)
  2 steam dragons
  A warg (D:9)
  2 acid dragons
  A water moccasin (D:7)
  4 orc warriors
  2 sky beasts
  2 ice beasts
  5 ogres
  3 centaurs
  2 wolves (D:8)
  3 necrophages (D:12)
  2 phantoms
  2 bullfrogs
  2 kobold brigands
  An earth elemental (Volcano)
  3 scorpions
  4 killer bees (D:9)
  4 wights
  2 howler monkeys (D:7)
  3 centaur zombies
  A lava snake (D:7)
  A hound (D:5)
  A bullfrog zombie (D:6)
  2 gnoll shamans
  5 orc priests
  2 iguanas
  6 orc wizards
  2 howler monkey zombies
  Robin (D:3)
  17 gnolls
  2 adders
  2 ufetubi
  2 worms
  3 dart slugs (D:2)
  27 orcs
  4 bats
  6 endoplasms
  A giant cockroach (D:1)
  12 hobgoblins
  11 kobolds
  5 quokkas
  8 ball pythons
  5 frilled lizards
  12 goblins
  7 rats
212 creatures vanquished.

Vanquished Creatures (collateral kills)
  A troll (D:12)
  A hornet (D:10)
  A yak (D:10)
  2 wargs (D:9)
  An orc warrior (D:8)
  An orc (D:9)
7 creatures vanquished.

Vanquished Creatures (others)
  3 hexers
  An orc wizard (D:7)
  6 plants (D:1)
  3 withered plants (D:12)
13 creatures vanquished.

Grand Total: 232 creatures vanquished

Table legend:
 A = Non-vault XP
 B = Vault XP
 C = Vault XP percentage of total XP
 D = Non-vault monster count
 E = Vault monster count
 F = Vault count percentage of total count
                 A         B        C        D         E       F
            +---------+---------+-------+---------+---------+-------
      Total |   11362 |    6025 |  34.7 |     184 |      36 |  16.4
            +---------+---------+-------+---------+---------+-------
        D:1 |      46 |      17 |  27.0 |      22 |       3 |  12.0
        D:2 |     142 |      17 |  10.7 |      23 |       9 |  28.1
        D:3 |      14 |      19 |  57.6 |       8 |       3 |  27.3
        D:4 |     429 |       6 |   1.4 |      25 |       3 |  10.7
        D:5 |     696 |       0 |   0.0 |       9 |       0 |   0.0
        D:6 |     678 |       0 |   0.0 |      16 |       0 |   0.0
        D:7 |    1003 |     863 |  46.2 |      17 |       1 |   5.6
        D:8 |     544 |    2820 |  83.8 |      11 |       6 |  35.3
        D:9 |    1230 |     871 |  41.5 |      21 |       4 |  16.0
       D:10 |    3034 |       0 |   0.0 |      14 |       0 |   0.0
       D:11 |    1581 |       0 |   0.0 |       4 |       0 |   0.0
       D:12 |    1675 |    1345 |  44.5 |       3 |       6 |  66.7
      Orc:1 |     290 |       0 |   0.0 |      11 |       0 |   0.0
    Volcano |       0 |      67 | 100.0 |       0 |       1 | 100.0
            +---------+---------+-------+---------+---------+-------

Illustrated notes

Table legend:
 A = Kills in this place as a percentage of kills in entire the game.
 B = Kills by you in this place as a percentage of kills by you in the entire game.
 C = Kills by friends in this place as a percentage of kills by friends in the entire game.
 D = Other kills in this place as a percentage of other kills in the entire game.
 E = Experience gained in this place as a percentage of experience gained in the entire game.
 F = Experience gained in this place divided by the number of levels of this place that you have seen.
                   A       B       C       D       E      F
               +-------+-------+-------+-------+-------+----------------------
         Total | 100.0 | 100.0 | 100.0 | 100.0 | 100.0 | 1086.7
       Dungeon |  94.5 |  94.3 | 100.0 | 100.0 |  97.9 | 1310.0
  Orcish Mines |   5.0 |   5.2 |   0.0 |   0.0 |   1.7 | 290.0
       Volcano |   0.5 |   0.5 |   0.0 |   0.0 |   0.4 |  67.0
               +-------+-------+-------+-------+-------+----------------------

Table legend: (Time is in decaauts)
 A = Elapsed time spent in this place.
 B = Non-inter-level travel time spent in this place.
 C = Inter-level travel time spent in this place.
 D = Time resting spent in this place.
 E = Time spent auto-exploring this place.
 F = Levels seen in this place.
 G = Mean time per level.
                   A        B        C        D        E       F      G
               +--------+--------+--------+--------+--------+-----+--------+
         Total |  14504 |  14085 |    419 |   3807 |   4975 |  16 |  906.5 |
       Dungeon |  14209 |  13790 |    419 |   3654 |   4975 |  13 | 1093.0 |
        Temple |     23 |     23 |      0 |      0 |      0 |   1 |   23.0 |
  Orcish Mines |     85 |     85 |      0 |      0 |      0 |   1 |   85.0 |
       Volcano |    185 |    185 |      0 |    153 |      0 |   1 |  185.0 |
               +--------+--------+--------+--------+--------+-----+--------+

Top non-repeatable levels by time:
     D:9: 2361 daAuts
    D:10: 1848 daAuts
     D:7: 1627 daAuts
     D:6: 1389 daAuts
     D:2: 1293 daAuts
     D:4: 1277 daAuts
     D:5: 1178 daAuts
     D:8: 1077 daAuts
     D:1: 958 daAuts
    D:12: 749 daAuts
     D:3: 259 daAuts
    D:11: 186 daAuts
 Volcano: 185 daAuts
   Orc:1: 85 daAuts
  Temple: 23 daAuts
